PL
FT. WORTH CATTLEMEN @ ATLANTA SMOKE
05/27/2022
 
TOP OF THE 1ST
Ft. Worth Cattlemen batting - Pitching for Atlanta Smoke : LHP José Flores
Pitching: LHP José Flores
Batting: SHB Robby Day 0-0: Ball
1-0: Ball
2-0: Called Strike
2-1: Called Strike
2-2: Ball
3-2: Base on Balls
Batting: RHB Alan Elder 0-0: Ball
Robby Day is caught stealing 2nd base
1-0: Swinging Strike
1-1: Ball
2-1: Ball
3-1: Swinging Strike
3-2: Ground out 5-3 (Groundball, 5)
Batting: RHB Bart Lewis 0-0: Ball
1-0: Ball
2-0: Ball
3-0: Ground out 1-3 (Groundball, 15)
Top of the 1st over - 0 run(s), 0 hit(s), 0 error(s), 0 left on base; Ft. Worth 0 - Atlanta 0
BOTTOM OF THE 1ST
Atlanta Smoke batting - Pitching for Ft. Worth Cattlemen : LHP Paul Díaz
Pitching: LHP Paul Díaz
Batting: RHB Cale Sutton 0-0: Ball
1-0: Called Strike
1-1: Ball
2-1: Ball
3-1: Base on Balls
Batting: RHB Mike Brown 0-0: Ball
1-0: SINGLE (Line Drive, 8LS)
Cale Sutton to second
Batting: RHB Bob Campbell 0-0: Called Strike
0-1: Swinging Strike
0-2: Strikes out swinging
Batting: LHB Albert Morán 0-0: Ball
1-0: Ball
2-0: Ground out U3 (Groundball, 3S)
Cale Sutton to third
Mike Brown to second
Batting: RHB Chris Teague 0-0: Ground out 6-3 (Groundball, 6M)
Bottom of the 1st over - 0 run(s), 1 hit(s), 0 error(s), 2 left on base; Ft. Worth 0 - Atlanta 0
TOP OF THE 2ND
Ft. Worth Cattlemen batting - Pitching for Atlanta Smoke : LHP José Flores
Batting: RHB Joey Morgan 0-0: Ball
1-0: Ground out 5-3 (Groundball, 5)
Batting: LHB Ryan Westlake 0-0: Called Strike
0-1: Ball
1-1: Foul Ball, location: 2F
1-2: Ball
2-2: Foul Ball, location: 2F
2-2: Ball
3-2: Fly out, F8 (Flyball, 8LD)
Batting: LHB Pat McJannett 0-0: Ball
1-0: Ball
2-0: Called Strike
2-1: Called Strike
2-2: Ball
3-2: Strikes out looking
Top of the 2nd over - 0 run(s), 0 hit(s), 0 error(s), 0 left on base; Ft. Worth 0 - Atlanta 0
BOTTOM OF THE 2ND
Atlanta Smoke batting - Pitching for Ft. Worth Cattlemen : LHP Paul Díaz
Batting: LHB Armando Esparza 0-0: Called Strike
0-1: Ball
1-1: SINGLE (Groundball, 4MD)
Batting: RHB Bartolo Morales 0-0: Ball
1-0: SINGLE (Groundball, 6MD)
Armando Esparza to second
Runner from 2nd tries for 3rd, SAFE, throw made to third
Batting: LHB Bernardo Elías 0-0: Ball
1-0: Swinging Strike
1-1: Ball
2-1: Fly out, F7 (Flyball, 7LMF)
Runner from 3rd tags up, SCORES, throw made
Batting: RHB Mike Burns 0-0: Ball
1-0: Called Strike
1-1: Fielders Choice at 2nd, U6 (Groundball, 6M)
Batting: RHB Cale Sutton 0-0: Called Strike
0-1: Ball
1-1: Ball
2-1: Swinging Strike
2-2: Ball
3-2: Foul Ball, location: 2F
3-2: Foul Ball, location: 2F
3-2: Base on Balls
Mike Burns to second
Batting: RHB Mike Brown 0-0: Called Strike
0-1: Fly out, F2 (Popup, 2RF)
Bottom of the 2nd over - 1 run(s), 2 hit(s), 0 error(s), 2 left on base; Ft. Worth 0 - Atlanta 1
TOP OF THE 3RD
Ft. Worth Cattlemen batting - Pitching for Atlanta Smoke : LHP José Flores
Batting: RHB Robby Thomas 0-0: Ground out 5-3 (Groundball, 5L)
Batting: LHB Bill Burgess 0-0: Ball
1-0: Foul Ball, location: 2F
1-1: Ball
2-1: Swinging Strike
2-2: Strikes out swinging
Batting: RHB Jack Weber 0-0: Swinging Strike
0-1: Swinging Strike
0-2: Ball
1-2: Ball
2-2: Ball
3-2: Foul Ball, location: 2F
3-2: Strikes out swinging
Top of the 3rd over - 0 run(s), 0 hit(s), 0 error(s), 0 left on base; Ft. Worth 0 - Atlanta 1
BOTTOM OF THE 3RD
Atlanta Smoke batting - Pitching for Ft. Worth Cattlemen : LHP Paul Díaz
Batting: RHB Bob Campbell 0-0: Ball
1-0: Ball
2-0: Ball
3-0: Called Strike
3-1: Fly out, F5 (Line Drive, 5S)
Batting: LHB Albert Morán 0-0: Foul Ball, location: 2F
0-1: Ground out U3 (Groundball, 3L)
Batting: RHB Chris Teague 0-0: Foul Ball, location: 2F
0-1: Fly out, F8 (Flyball, 8LD)
Bottom of the 3rd over - 0 run(s), 0 hit(s), 0 error(s), 0 left on base; Ft. Worth 0 - Atlanta 1
TOP OF THE 4TH
Ft. Worth Cattlemen batting - Pitching for Atlanta Smoke : LHP José Flores
Batting: SHB Robby Day 0-0: Foul Ball, location: 2F
0-1: Swinging Strike
0-2: Ball
1-2: Ball
2-2: Strikes out looking
Batting: RHB Alan Elder 0-0: Called Strike
0-1: Foul Ball, location: 2F
0-2: Foul Ball, location: 2F
0-2: Strikes out looking
Batting: RHB Bart Lewis 0-0: Ball
1-0: Swinging Strike
1-1: Ball
2-1: Ball
3-1: Foul Ball, location: 2F
3-2: Ground out 1-3 (Groundball, 15)
Top of the 4th over - 0 run(s), 0 hit(s), 0 error(s), 0 left on base; Ft. Worth 0 - Atlanta 1
BOTTOM OF THE 4TH
Atlanta Smoke batting - Pitching for Ft. Worth Cattlemen : LHP Paul Díaz
Batting: LHB Armando Esparza 0-0: Ball
1-0: Called Strike
1-1: Fly out, F9 (Line Drive, 89XD)
Batting: RHB Bartolo Morales 0-0: Foul Ball, location: 2F
0-1: Called Strike
0-2: Ball
1-2: Fly out, F6 (Line Drive, 6)
Batting: LHB Bernardo Elías 0-0: Called Strike
0-1: Ground out 4-3 (Groundball, 34D)
Bottom of the 4th over - 0 run(s), 0 hit(s), 0 error(s), 0 left on base; Ft. Worth 0 - Atlanta 1
TOP OF THE 5TH
Ft. Worth Cattlemen batting - Pitching for Atlanta Smoke : LHP José Flores
Batting: RHB Joey Morgan 0-0: Fly out, F7 (Flyball, 78M)
Batting: LHB Ryan Westlake 0-0: Ball
1-0: Fly out, F8 (Flyball, 8RXD)
Batting: LHB Pat McJannett 0-0: Ball
1-0: Called Strike
1-1: Foul Ball, location: 2F
1-2: Ball
2-2: Foul Ball, location: 2F
2-2: Ball
3-2: Strikes out looking
Top of the 5th over - 0 run(s), 0 hit(s), 0 error(s), 0 left on base; Ft. Worth 0 - Atlanta 1
BOTTOM OF THE 5TH
Atlanta Smoke batting - Pitching for Ft. Worth Cattlemen : LHP Paul Díaz
Batting: RHB Mike Burns 0-0: Called Strike
0-1: Ball
1-1: Called Strike
1-2: Strikes out swinging
Batting: RHB Cale Sutton 0-0: Ball
1-0: Fly out, F8 (Flyball, 8RD)
Batting: RHB Mike Brown 0-0: Ball
1-0: Fly out, F9 (Flyball, 89S)
Bottom of the 5th over - 0 run(s), 0 hit(s), 0 error(s), 0 left on base; Ft. Worth 0 - Atlanta 1
TOP OF THE 6TH
Ft. Worth Cattlemen batting - Pitching for Atlanta Smoke : LHP José Flores
Batting: RHB Robby Thomas 0-0: Called Strike
0-1: Fly out, F4 (Popup, 34)
Batting: LHB Bill Burgess 0-0: Ball
1-0: Swinging Strike
1-1: Ball
2-1: Foul Ball, location: 2F
2-2: Foul Ball, location: 2F
2-2: Strikes out swinging
Batting: RHB Jack Weber 0-0: Ball
1-0: Called Strike
1-1: Called Strike
1-2: Strikes out looking
Top of the 6th over - 0 run(s), 0 hit(s), 0 error(s), 0 left on base; Ft. Worth 0 - Atlanta 1
BOTTOM OF THE 6TH
Atlanta Smoke batting - Pitching for Ft. Worth Cattlemen : LHP Paul Díaz
Batting: RHB Bob Campbell 0-0: Ball
1-0: Called Strike
1-1: Ground out 4-3 (Groundball, 4)
Batting: LHB Albert Morán 0-0: Called Strike
0-1: Swinging Strike
0-2: Foul Ball, location: 2F
0-2: Hit by Pitch
Batting: RHB Chris Teague 0-0: Called Strike
Albert Morán steals 2nd base
0-1: Ball
1-1: Intentional Walk
Batting: LHB Armando Esparza 0-0: Called Strike
0-1: Ball
1-1: Ball
2-1: Ball
3-1: Hit by Pitch
Albert Morán to third
Chris Teague to second
Batting: RHB Bartolo Morales 0-0: Fly out, F8 (Flyball, 8LM)
Runner from 3rd tags up, SCORES, no throw
Batting: LHB Bernardo Elías 0-0: Ball
1-0: Foul Ball, location: 2F
1-1: Ground out U3 (Groundball, 3S)
Bottom of the 6th over - 1 run(s), 0 hit(s), 0 error(s), 2 left on base; Ft. Worth 0 - Atlanta 2
TOP OF THE 7TH
Ft. Worth Cattlemen batting - Pitching for Atlanta Smoke : LHP José Flores
Batting: SHB Robby Day 0-0: Ball
1-0: Called Strike
1-1: Foul Ball, location: 2F
1-2: Ball
2-2: Foul Ball, location: 2F
2-2: Foul Ball, location: 2F
2-2: Ball
3-2: Base on Balls
Batting: RHB Alan Elder 0-0: Ball
Robby Day is caught stealing 2nd base
1-0: Ball
2-0: Called Strike
2-1: Foul Ball, location: 2F
2-2: Ball
3-2: Foul Ball, location: 2F
3-2: Ground out 6-3 (Groundball, 6M)
Batting: RHB Bart Lewis 0-0: Ball
1-0: Called Strike
1-1: Fly out, F8 (Flyball, 8LM)
Top of the 7th over - 0 run(s), 0 hit(s), 0 error(s), 0 left on base; Ft. Worth 0 - Atlanta 2
BOTTOM OF THE 7TH
Atlanta Smoke batting - Pitching for Ft. Worth Cattlemen : LHP Paul Díaz
Batting: RHB Mike Burns 0-0: Ball
1-0: Ball
2-0: Called Strike
2-1: Ball
3-1: Base on Balls
Batting: RHB Cale Sutton 0-0: Called Strike
Mike Burns is caught stealing 2nd base
0-1: Ball
1-1: Called Strike
1-2: Strikes out looking
Batting: RHB Mike Brown 0-0: Ball
1-0: Ball
2-0: Fly out, F9 (Flyball, 89S)
Bottom of the 7th over - 0 run(s), 0 hit(s), 0 error(s), 0 left on base; Ft. Worth 0 - Atlanta 2
TOP OF THE 8TH
Ft. Worth Cattlemen batting - Pitching for Atlanta Smoke : LHP José Flores
Batting: RHB Joey Morgan 0-0: Called Strike
0-1: Called Strike
0-2: Ball
1-2: Ball
2-2: Foul Ball, location: 2F
2-2: Strikes out swinging
Batting: LHB Ryan Westlake 0-0: Swinging Strike
0-1: Swinging Strike
0-2: Strikes out looking
Batting: LHB Pat McJannett 0-0: Foul Ball, location: 2F
0-1: Ball
1-1: Called Strike
1-2: Ball
2-2: Strikes out swinging
Top of the 8th over - 0 run(s), 0 hit(s), 0 error(s), 0 left on base; Ft. Worth 0 - Atlanta 2
BOTTOM OF THE 8TH
Atlanta Smoke batting - Pitching for Ft. Worth Cattlemen : LHP Paul Díaz
Batting: RHB Bob Campbell 0-0: Called Strike
0-1: Called Strike
0-2: Ball
1-2: Ball
2-2: Ground out 6-3 (Groundball, 6M)
Batting: LHB Albert Morán 0-0: Swinging Strike
0-1: Ground out U3 (Groundball, 3L)
Batting: RHB Chris Teague 0-0: Ball
1-0: Foul Ball, location: 2F
1-1: Called Strike
1-2: Ground out 6-3 (Groundball, 6)
Bottom of the 8th over - 0 run(s), 0 hit(s), 0 error(s), 0 left on base; Ft. Worth 0 - Atlanta 2
TOP OF THE 9TH
Ft. Worth Cattlemen batting - Pitching for Atlanta Smoke : LHP José Flores
Now at C: Jason Wise
Batting: RHB Robby Thomas 0-0: Swinging Strike
0-1: Ball
1-1: Foul Ball, location: 2F
1-2: Ball
2-2: Ball
3-2: Strikes out swinging
Batting: LHB Bill Burgess 0-0: Foul Ball, location: 2F
0-1: Ball
1-1: Swinging Strike
1-2: Ball
2-2: Ball
3-2: Strikes out swinging
Batting: RHB Jack Weber 0-0: Called Strike
0-1: Ball
1-1: Foul Ball, location: 2F
1-2: Ball
2-2: Ball
3-2: SOLO HOME RUN (Line Drive, 7LD), Distance : 370 ft
Pitching: RHP Fred Pitts
Pinch Hitting: LHB Toyokazu Asano 0-0: Called Strike
0-1: Ball
1-1: Swinging Strike
1-2: Ball
2-2: Ball
3-2: Strikes out swinging
Top of the 9th over - 1 run(s), 1 hit(s), 0 error(s), 0 left on base; Ft. Worth 1 - Atlanta 2
This league is powered by Out of the Park Baseball, the baseball management simulation game for PC, Mac and Linux
Friday, April 15th, 2016 - OOTP Baseball 16.9 Build 39